Terence, chaotic male elven Priest .).-- ....-- .-- --.<.| ...| ...| ...-- ---..| --- ....| |....|--..| ....| ---.--.||...| -...- |...||.||...| -.....------.---|.||.--- -........|....| |.||.| -------............-.- |.--.| .....)............).>...||..).-- -*---...|..............----...| .....|(--|...............| |...| .....)--|......--.......| |...| ..f...|---.----|.......| ----- ..hG.| --- --.--.--- -@--- ------ --- Terence the Acolyte Experience level: 4 Strength: 12 Dexterity: 8 Constitution: 13 Intelligence: 12 Wisdom: 18 Charisma: 12 Health: 0(36) Energy: 55(73) Def: 11 Gold: 56 Moves: 1060 Dungeon seed: 8iop5G1NEjRhzCWZ Game ID: Terence_1615553243 Your Inventory: Coins $ - 56 gold pieces Weapons a - a blessed +1 mace (weapon in hand) k - a +0 orcish dagger m - a cursed -2 arrow p - a blessed +0 dagger s - 24 +0 darts (in quiver) t - 4 +0 arrows w - a +4 arrow x - a +0 crossbow A - 12 +0 crossbow bolts Armor e - a +0 robe (being worn) n - a +0 small shield (being worn) r - a +0 dwarvish cloak y - a +0 pair of iron shoes (being worn) Comestibles c - a clove of garlic d - a sprig of wolfsbane o - a food ration Spellbooks f - a spellbook of protection g - a spellbook of light l - a spellbook of cure blindness Potions b - 4 potions of holy water Tools h - a magic marker (0:87) i - a leather drum j - a magic whistle u - 13 tallow candles (0:200) v - a partly used tallow candle (lit) (0:168) Gems q - an agate stone z - a worthless piece of yellowish brown glass Spells and supernatural/magical abilities: Name Level Category Fail Memory l - light 1 divination 0% 95% p - protection 1 clerical 0% 95% W - pray for help -- divine ? -- X - turn undead -- divine ? -- Your skills at the end: Fighting Skills Weapon Skills mace [Basic] Spellcasting Skills clerical spells [Basic] Final Attributes: You were piously aligned. You were sleep resistant. You had infravision. You were protected. You are dead. Vanquished creatures: a dwarf 2 giant rats 9 gnomes 2 kobolds a goblin 4 grid bugs 3 lichens a kobold zombie a newt 24 creatures vanquished. Voluntary challenges: You were an atheist. You used a wielded weapon 28 times, starting on turn 237. You were illiterate. You never genocided any monsters. You never polymorphed an object. You never changed form. You used no wishes. You never split a pudding. You never wrote Elbereth's name. You never violated your personal moral code. Dungeon overview: The Dungeons of Doom: levels 1 to 2 Level 1 a long staircase Level 2 a fountain, a sink stairs to The Gnomish Mines The Gnomish Mines: Level 3 <- You were here stairs to The Dungeons of Doom History has recorded: On T:1 you entered the Dungeons of Doom to retrieve the Amulet of Yendor! On T:402 you reached level 2 of The Dungeons of Doom. On T:594 you advanced to experience level 2. On T:814 you reached level 1 of The Gnomish Mines. On T:816 you advanced to experience level 3. On T:1025 you advanced to experience level 4. Score breakdown: Gold: 56 ( 5972 points) Experience: 4 levels ( 9649 points) Exploration: 3 levels ( 5.88%) ( 6000 points) Discoveries: 0 items ( 0.00%) ( 0 points) Valuables value: (no points given unless you survive) Artifact value: 0 ( 0 points) Variety of kills: 9 monsters ( 2.36%) ( 4610 points) Turncount: 1060 turns ( 0 points) Survival: died (score multiplied by 80%) Total score: 20984 Latest messages: The golden haze around you becomes less dense. You see here a candle. You miss the dwarf. The dwarf thrusts his broad short sword. The dwarf hits! The golden haze around you becomes more dense. You miss the dwarf. Qwerty drops a thonged club. The dwarf thrusts his broad short sword. The dwarf hits! You miss the dwarf. You see here a thonged club. The golden haze around you becomes less dense. The gnome lord hits! You hit the gnome lord. You miss the gnome lord. The gnome lord hits! The golden haze around you becomes more dense. The gnome lord misses. You miss the gnome lord. You hit the gnome lord! The dwarf thrusts his broad short sword. The dwarf hits! You die... Final status: Goodbye Terence the Priest, killed by a dwarf... You died in The Gnomish Mines on dungeon level 3 with 20984 points, and 56 pieces of gold, after 1060 moves. You were level 4 with a maximum of 36 hit points when you died.